 Dungeon Crawl Stone Soup version 0.28.0-53-g5a82cb258f (webtiles) character file.

Game seed: 3670201116537309971

18 Gurantaxtaxq the Sneak (level 2, 0/13 HPs)
             Began as a Spriggan Enchanter on Aug 19, 2022.
             Succumbed to an adder's poison
             ... on level 2 of the Dungeon.
             The game lasted 00:07:52 (1518 turns).

Gurantaxtaxq the Sneak (Spriggan Enchanter)         Turns: 1518, Time: 00:07:52

Health: 0/13       AC:  2    Str:  4    XL:     2   Next: 48%
Magic:  7/7        EV: 17    Int: 16    God:
Gold:   45         SH:  0    Dex: 15    Spells: 7/7 levels left

rFire   . . .      SeeInvis +   f - +1 dagger (flame)
rCold   . . .      Faith    .   (no shield)
rNeg    . . .      Spirit   .   b - +0 robe
rPois   .          Reflect  .   (helmet restricted)
rElec   .          Harm     .   (no cloak)
rCorr   .          Rampage  .   (gloves unavailable)
Will    .....                   (boots unavailable)
Stlth   +++.......              (no amulet)
HPRegen 0.04/turn               (no ring)
MPRegen 0.10/turn               (no ring)

@: lethally poisoned (0 -> -8), very quick
A: very small, no large weapons, unfitting armour, see invisible, speed 3
a: no special abilities


You were on level 2 of the Dungeon.
You visited 1 branch of the dungeon, and saw 2 of its levels.

You collected 45 gold pieces.

Inventory:

Hand Weapons
 a - a +1 dagger
 f - a +1 dagger of flaming (weapon)
Missiles
 j - 20 stones (quivered)
Armour
 b - a +0 robe (worn)
 d - a scarf of harm
 h - a +0 robe
Jewellery
 e - a ring of fire
Scrolls
 g - 2 scrolls of teleportation {unknown}
Potions
 c - a potion of invisibility
 i - a potion of mutation {unknown}
 k - a potion of brilliance {unknown}


   Skills:
 + Level 1.6 Short Blades
 - Level 2.6 Dodging
 + Level 4.8 Stealth
 + Level 3.0 Spellcasting
 + Level 3.9 Hexes


You had 7 spell levels left.
You didn't know any spells.
Your spell library contained the following spells:

 Spells                   Type           Power      Damage    Failure   Level
 Confusing Touch          Hex            15%        N/A       11%         3
 Tukima's Dance           Hex            15%        N/A       11%         3
 Ensorcelled Hibernation  Hex/Ice        16%        N/A       12%         2
 Dazzling Flash           Conj/Hex       16%        N/A       24%         3
 Ozocubu's Armour         Ice            2%         N/A       50%         3
 Ozocubu's Refrigeration  Ice            1%         4d5       100%        7


Dungeon Overview and Level Annotations

Branches:
Dungeon (2/15)

Altars:


Innate Abilities, Weirdness & Mutations

You are very small and have problems with some larger weapons.
You are too small for most types of armour.
You have supernaturally acute eyesight. (SInv)
You cover ground extremely quickly. (Speed+++)


Message History

You completely miss the endoplasm. The endoplasm misses you.
You hit the endoplasm. You burn the endoplasm.
The endoplasm is heavily wounded.
The endoplasm closely misses you.
You hit the endoplasm. You burn the endoplasm.
You kill the endoplasm!
An endoplasm comes into view.
The helpless endoplasm fails to defend itself.
You impale the endoplasm!! You burn the endoplasm.
You kill the endoplasm!
An adder comes into view.
Found a stone staircase leading down.
A ball python comes into view.
Found a scroll labelled EKUIVAI WASORU.
An adder is nearby!
You start resting.
HP restored.
The adder hisses angrily.
The adder bites you but does no damage.
You hit the adder. You burn the adder.
The adder is lightly wounded.
The adder barely misses you.
You hit the adder but do no damage.
The adder is lightly wounded.
The adder bites you.
You are poisoned.
The adder poisons you!
You closely miss the adder.
The adder is lightly wounded.
You feel sick. The adder barely misses you.
You closely miss the adder.
The adder is lightly wounded.
You feel sick. The adder misses you. The adder barely misses you.
You hit the adder. You burn the adder.
The adder is moderately wounded.
The adder bites you.
* * * LOW HITPOINT WARNING * * *
You are more poisoned.
The adder poisons you!
You die...

####### ##### #.....#
.... #####.###.# ...#
#.....# #.# ###...#..
#.###.###.###........
#.# #...@.S..........
#.# #########........
#.# #.#..>#.. ####.#
......# #....#
#?##..# #.#### #
.S##..#.....# #.##..
.# ##.##.........
#.##.# .#
#..##.........
#.##.## ..##
#.##.........


You could see an adder.

Vanquished Creatures
  A dart slug (D:2)
  A bat (D:1)
  2 endoplasms (D:2)
  2 goblins (D:1)
  2 hobgoblins
  3 quokkas (D:1)
  A kobold (D:2)
  A rat (D:1)
13 creatures vanquished.

Notes
Turn   | Place    | Note
-------+----------+-------------------------------------------
     0 | D:1      | Gurantaxtaxq the Spriggan Enchanter began the quest for the
                  | Orb.
     0 | D:1      | Reached XP level 1. HP: 9/9 MP: 5/5
  1043 | D:1      | Reached XP level 2. HP: 13/13 MP: 6/6
  1518 | D:2      | Succumbed to an adder's poison

Illustrated notes

Levels and vault maps discovered:
D:1:      dpeg_arrival_pits, layout_basic
D:2:      layout_loops_ring, shapermc_ecumenical_altar_mp_vishouse,
          minivault_24, hangedman_decor_lopped, chequers_serial_rivers_marsh

Skill      XL: |  1  2 |
---------------+-------+-----
Spellcasting   | 3 |  3.0
Short Blades   | |  1.6
Dodging        | |  2.6
Stealth        | |  4.8
Hexes          | |  3.9

Action                   || total
-------------------------++-------
Melee: Dagger            ||    51
 Stab: Sleeping          ||     4
Armor: Robe              ||     2
Dodge: Dodged            ||    38
